[ AOE2 MATCH · #505318907 ]
UnrankedTurks vs Wei
Player's team · LOSS
Rival team · WIN
[ REPLAY ANALYSIS · EXTRACTED FROM THE RECORDED GAME ]
Feudal
—
Castle
—
Imperial
—
| APM avg | 33.5 |
| APM peak | 79 |
| eAPM avg | 21.2 |
| Villagers / military | 190 / 141 |
Focus
⚔️ 32.7% · 🌾 67.3%
Scout Cavalry ×64 · Hand Cannoneer ×35 · Knight ×32 · Bombard Cannon ×8 · Monk ×1 · Trebuchet (Packed) ×1
Feudal
—
Castle
—
Imperial
—
| APM avg | 51.7 |
| APM peak | 88 |
| eAPM avg | 23.7 |
| Villagers / military | 108 / 68 |
Focus
⚔️ 21.1% · 🌾 78.9%
Unknown (1952) ×106 · Spearman ×57 · Scout Cavalry ×8 · Monk ×3 · Unknown (1942) ×3 · Unknown (1944) ×1
Match map
Initial resources + every placement click. Lines = walls · curves = elevation contours. ◆ gold · ⬟ stone · ● berries · ✦ relic · ◌ wall gap
Your base· ✓ Closed at 18:55 · 38t walls · 1 gate(s)
Gilbert builds a Blacksmith's base· Open — 4t gap
Smoothed initial terrain · ◌ = detected wall gap · hover for details
Inputs per minute
— fidelon33 - - Gilbert builds a Blacksmith
Build order — fidelon33
First 150 of 561 actions detected
| 0:01 | Queue | Villager (Male) |
| 0:02 | Queue | Villager (Male) |
| 0:02 | Queue | Villager (Male) |
| 0:02 | Queue | Villager (Male) |
| 0:02 | Queue | Villager (Male) |
| 0:04 | Build | House |
| 0:06 | Build | House |
| 1:25 | Queue | Villager (Male) |
| 1:25 | Queue | Villager (Male) |
| 1:50 | Build | Lumber Camp |
| 2:01 | Queue | Villager (Male) |
| 2:01 | Queue | Villager (Male) |
| 2:18 | Queue | Villager (Male) |
| 2:18 | Queue | Villager (Male) |
| 2:49 | Queue | Villager (Male) |
| 2:49 | Queue | Villager (Male) |
| 3:08 | Queue | Villager (Male) |
| 3:08 | Queue | Villager (Male) |
| 3:34 | Queue | Villager (Male) |
| 3:34 | Queue | Villager (Male) |
| 3:52 | Build | House |
| 4:00 | Queue | Villager (Male) |
| 4:00 | Queue | Villager (Male) |
| 4:13 | Build | House |
| 4:27 | Queue | Villager (Male) |
| 4:27 | Queue | Villager (Male) |
| 4:35 | Build | House |
| 5:03 | Queue | Villager (Male) |
| 5:03 | Queue | Villager (Male) |
| 5:03 | Queue | Villager (Male) |
| 5:46 | Queue | Villager (Male) |
| 6:00 | Queue | Villager (Male) |
| 6:09 | Queue | Villager (Male) |
| 6:09 | Queue | Villager (Male) |
| 6:58 | Queue | Villager (Male) |
| 7:01 | Queue | Villager (Male) |
| 7:01 | Research | Loom |
| 7:20 | Build | Mill |
| 8:03 | Build | Mill |
| 8:41 | Research | Feudal Age |
| 9:28 | Build | Lumber Camp |
| 9:56 | Queue | Villager (Male) |
| 9:56 | Queue | Villager (Male) |
| 10:33 | Build | Barracks |
| 10:38 | Build | House |
| 10:43 | Build | Farm |
| 10:46 | Build | Farm |
| 10:49 | Build | Farm |
| 10:53 | Build | Farm |
| 11:11 | Research | Double-Bit Axe |
| 11:23 | Queue | Villager (Male) |
| 11:45 | Build | Stable |
| 11:48 | Queue | Villager (Male) |
| 11:57 | Build | Palisade Wall |
| 12:04 | Build | Palisade Wall |
| 12:08 | Queue | Villager (Male) |
| 12:15 | Build | Palisade Wall |
| 12:18 | Build | Palisade Wall |
| 12:21 | Build | Palisade Gate |
| 12:24 | Queue | Villager (Male) |
| 12:27 | Build | Farm |
| 12:29 | Build | Farm |
| 12:31 | Queue | Scout Cavalry |
| 12:31 | Queue | Scout Cavalry |
| 12:41 | Build | Farm |
| 13:07 | Build | Palisade Wall |
| 13:12 | Queue | Villager (Male) |
| 13:12 | Queue | Villager (Male) |
| 13:26 | Queue | Scout Cavalry |
| 13:30 | Build | Farm |
| 13:33 | Build | Farm |
| 13:36 | Build | Farm |
| 13:44 | Build | Farm |
| 13:44 | Queue | Villager (Male) |
| 14:24 | Build | Farm |
| 14:25 | Build | Farm |
| 14:26 | Queue | Villager (Male) |
| 14:43 | Research | Town Watch |
| 14:47 | Build | House |
| 14:55 | Build | House |
| 15:20 | Queue | Villager (Male) |
| 15:20 | Queue | Villager (Male) |
| 15:26 | Build | Farm |
| 15:31 | Build | Farm |
| 15:33 | Build | Farm |
| 15:59 | Build | Farm |
| 16:02 | Queue | Villager (Male) |
| 16:20 | Queue | Villager (Male) |
| 16:30 | Build | Mining Camp |
| 16:37 | Queue | Villager (Male) |
| 17:14 | Queue | Villager (Male) |
| 17:14 | Queue | Villager (Male) |
| 17:35 | Build | Blacksmith |
| 18:38 | Queue | Villager (Male) |
| 18:38 | Queue | Villager (Male) |
| 18:54 | Build | Mining Camp |
| 18:55 | Research | Castle Age |
| 19:07 | Queue | Scout Cavalry |
| 19:08 | Queue | Scout Cavalry |
| 19:10 | Research | Forging |
| 19:11 | Research | Scale Barding Armor |
| 19:26 | Queue | Scout Cavalry |
| 19:36 | Research | Stone Mining |
| 19:38 | Research | Gold Mining |
| 19:41 | Research | Horse Collar |
| 20:36 | Build | House |
| 20:42 | Build | House |
| 20:45 | Build | House |
| 21:58 | Research | Iron Casting |
| 22:00 | Queue | Villager (Male) |
| 22:00 | Queue | Villager (Male) |
| 22:17 | Build | Town Center |
| 22:34 | Queue | Villager (Male) |
| 22:34 | Queue | Villager (Male) |
| 22:47 | Build | Town Center |
| 23:26 | Build | Farm |
| 23:33 | Queue | Villager (Male) |
| 23:34 | Queue | Villager (Male) |
| 23:34 | Queue | Villager (Male) |
| 23:37 | Queue | Villager (Male) |
| 23:37 | Queue | Villager (Male) |
| 24:07 | Queue | Villager (Male) |
| 24:08 | Queue | Villager (Male) |
| 24:09 | Queue | Villager (Male) |
| 24:09 | Queue | Villager (Male) |
| 24:10 | Queue | Villager (Male) |
| 24:10 | Queue | Villager (Male) |
| 24:11 | Queue | Villager (Male) |
| 24:11 | Queue | Villager (Male) |
| 24:11 | Queue | Villager (Male) |
| 24:11 | Queue | Villager (Male) |
| 24:12 | Queue | Villager (Male) |
| 24:12 | Queue | Villager (Male) |
| 24:12 | Queue | Villager (Male) |
| 24:25 | Research | Wheelbarrow |
| 24:26 | Queue | Villager (Male) |
| 25:20 | Queue | Villager (Male) |
| 25:20 | Queue | Villager (Male) |
| 25:20 | Queue | Villager (Male) |
| 25:20 | Queue | Villager (Male) |
| 25:20 | Queue | Villager (Male) |
| 25:20 | Queue | Villager (Male) |
| 25:21 | Queue | Villager (Male) |
| 25:21 | Queue | Villager (Male) |
| 25:21 | Queue | Villager (Male) |
| 25:21 | Queue | Villager (Male) |
| 25:22 | Queue | Villager (Male) |
| 25:22 | Queue | Villager (Male) |
| 25:22 | Queue | Villager (Male) |
| 25:22 | Queue | Villager (Male) |
Build order — Gilbert builds a Blacksmith
First 150 of 399 actions detected
| 0:05 | Queue | Villager (Male) |
| 0:05 | Queue | Villager (Male) |
| 0:05 | Queue | Villager (Male) |
| 0:06 | Queue | Villager (Male) |
| 0:07 | Build | House |
| 0:09 | Build | House |
| 1:48 | Queue | Villager (Male) |
| 1:48 | Queue | Villager (Male) |
| 2:18 | Queue | Villager (Male) |
| 2:18 | Queue | Villager (Male) |
| 2:18 | Queue | Villager (Male) |
| 2:20 | Build | Lumber Camp |
| 2:43 | Queue | Villager (Male) |
| 2:43 | Queue | Villager (Male) |
| 3:11 | Build | House |
| 3:31 | Queue | Villager (Male) |
| 3:31 | Queue | Villager (Male) |
| 3:32 | Queue | Villager (Male) |
| 3:39 | Queue | Villager (Male) |
| 3:53 | Queue | Villager (Male) |
| 3:53 | Queue | Villager (Male) |
| 4:11 | Queue | Villager (Male) |
| 4:11 | Queue | Villager (Male) |
| 5:00 | Build | Mill |
| 5:10 | Queue | Villager (Male) |
| 5:10 | Queue | Villager (Male) |
| 5:28 | Queue | Villager (Male) |
| 5:29 | Queue | Villager (Male) |
| 5:46 | Build | House |
| 6:08 | Queue | Villager (Male) |
| 6:11 | Build | Palisade Wall |
| 6:13 | Build | Palisade Wall |
| 6:23 | Queue | Villager (Male) |
| 6:29 | Build | Palisade Wall |
| 6:31 | Build | Palisade Gate |
| 6:32 | Build | Palisade Wall |
| 6:36 | Queue | Villager (Male) |
| 7:15 | Research | Loom |
| 7:45 | Build | Outpost |
| 8:07 | Research | Feudal Age |
| 8:33 | Build | Mill |
| 8:45 | Build | Palisade Wall |
| 8:48 | Build | Palisade Gate |
| 9:12 | Build | House |
| 10:02 | Queue | Villager (Male) |
| 10:20 | Queue | Villager (Male) |
| 10:32 | Build | Barracks |
| 10:43 | Queue | Villager (Male) |
| 10:52 | Build | Palisade Wall |
| 11:07 | Research | Double-Bit Axe |
| 11:12 | Queue | Villager (Male) |
| 11:24 | Queue | Villager (Male) |
| 11:30 | Queue | Villager (Male) |
| 11:34 | Build | Palisade Wall |
| 11:36 | Build | Palisade Wall |
| 11:38 | Queue | Spearman |
| 11:51 | Build | House |
| 12:03 | Research | Horse Collar |
| 12:10 | Queue | Villager (Male) |
| 12:19 | Queue | Spearman |
| 12:33 | Build | House |
| 12:38 | Build | Farm |
| 12:39 | Build | Farm |
| 12:50 | Queue | Villager (Male) |
| 13:03 | Build | Stable |
| 13:11 | Queue | Villager (Male) |
| 13:27 | Build | Mining Camp |
| 13:39 | Build | Farm |
| 13:40 | Build | Farm |
| 13:56 | Build | Palisade Wall |
| 14:00 | Queue | Villager (Male) |
| 14:03 | Build | Farm |
| 14:12 | Queue | Villager (Male) |
| 14:20 | Build | Farm |
| 14:32 | Build | Palisade Wall |
| 14:36 | Build | House |
| 14:39 | Build | Farm |
| 14:44 | Queue | Villager (Male) |
| 15:04 | Build | Palisade Wall |
| 15:07 | Build | Farm |
| 15:12 | Research | Town Watch |
| 15:20 | Build | Palisade Wall |
| 15:31 | Build | Farm |
| 15:47 | Build | Market |
| 15:51 | Research | Wheelbarrow |
| 15:54 | Build | Farm |
| 16:06 | Build | Farm |
| 16:07 | Build | Farm |
| 16:35 | Build | Farm |
| 16:37 | Build | Farm |
| 16:51 | Build | Palisade Wall |
| 17:10 | Build | House |
| 17:10 | Queue | Villager (Male) |
| 17:30 | Build | Lumber Camp |
| 17:37 | Queue | Villager (Male) |
| 17:43 | Build | Farm |
| 17:53 | Build | Palisade Gate |
| 18:04 | Build | House |
| 18:07 | Queue | Villager (Male) |
| 18:09 | Research | Castle Age |
| 18:41 | Build | Mining Camp |
| 18:50 | Build | Farm |
| 19:06 | Build | Palisade Gate |
| 19:14 | Research | Gold Mining |
| 19:42 | Build | Farm |
| 19:46 | Build | Blacksmith |
| 20:00 | Build | Outpost |
| 20:21 | Research | Stone Mining |
| 20:25 | Research | Fletching |
| 20:35 | Build | Archery Range |
| 20:47 | Build | Stone Wall |
| 21:12 | Queue | Villager (Male) |
| 21:15 | Research | Bow Saw |
| 21:26 | Queue | Unit 1952 |
| 21:26 | Queue | Unit 1952 |
| 21:37 | Build | Town Center |
| 21:43 | Queue | Villager (Male) |
| 22:00 | Research | Bodkin Arrow |
| 22:00 | Queue | Villager (Male) |
| 22:08 | Build | Farm |
| 22:15 | Queue | Unit 1952 |
| 22:18 | Queue | Villager (Male) |
| 22:28 | Research | Husbandry |
| 22:39 | Queue | Villager (Male) |
| 22:48 | Queue | Villager (Male) |
| 23:06 | Queue | Spearman |
| 23:07 | Queue | Spearman |
| 23:22 | Queue | Unit 1944 |
| 23:30 | Build | Palisade Gate |
| 23:32 | Queue | Villager (Male) |
| 23:32 | Queue | Villager (Male) |
| 23:45 | Build | Archery Range |
| 23:47 | Queue | Unit 1952 |
| 23:47 | Queue | Unit 1952 |
| 23:47 | Queue | Unit 1952 |
| 23:49 | Queue | Villager (Male) |
| 23:55 | Research | Padded Archer Armor |
| 24:01 | Build | House |
| 24:06 | Queue | Villager (Male) |
| 24:07 | Queue | Villager (Male) |
| 24:28 | Build | Town Center |
| 24:34 | Build | House |
| 24:35 | Build | House |
| 24:37 | Queue | Unit 1952 |
| 24:37 | Queue | Unit 1952 |
| 24:37 | Queue | Unit 1952 |
| 24:38 | Queue | Unit 1952 |
| 24:48 | Queue | Spearman |
| 24:59 | Build | House |
| 25:01 | Build | House |
Match timeline
| 6:11 | Gilbert builds a Blacksmith · wall_segment Palisade Wall x4 |
| 6:13 | Gilbert builds a Blacksmith · wall_segment Palisade Wall x2 |
| 6:29 | Gilbert builds a Blacksmith · wall_segment Palisade Wall x2 |
| 6:32 | Gilbert builds a Blacksmith · wall_segment Palisade Wall x3 |
| 8:45 | Gilbert builds a Blacksmith · wall_segment Palisade Wall x6 |
| 10:32 | Gilbert builds a Blacksmith · first_building Barracks |
| 10:33 | fidelon33 · first_building Barracks |
| 10:52 | Gilbert builds a Blacksmith · wall_segment Palisade Wall x1 |
| 11:34 | Gilbert builds a Blacksmith · wall_segment Palisade Wall x2 |
| 11:36 | Gilbert builds a Blacksmith · wall_segment Palisade Wall x6 |
| 11:45 | fidelon33 · first_building Stable |
| 11:57 | fidelon33 · wall_segment Palisade Wall x9 |
| 12:04 | fidelon33 · wall_segment Palisade Wall x4 |
| 12:15 | fidelon33 · wall_segment Palisade Wall x1 |
| 12:18 | fidelon33 · wall_segment Palisade Wall x6 |
| 13:03 | Gilbert builds a Blacksmith · first_building Stable |
| 13:07 | fidelon33 · wall_segment Palisade Wall x18 |
| 13:56 | Gilbert builds a Blacksmith · wall_segment Palisade Wall x8 |
| 14:32 | Gilbert builds a Blacksmith · wall_segment Palisade Wall x6 |
| 15:04 | Gilbert builds a Blacksmith · wall_segment Palisade Wall x2 |
| 15:20 | Gilbert builds a Blacksmith · wall_segment Palisade Wall x4 |
| 16:51 | Gilbert builds a Blacksmith · wall_segment Palisade Wall x14 |
| 20:35 | Gilbert builds a Blacksmith · first_building Archery Range |
| 20:47 | Gilbert builds a Blacksmith · wall_segment Stone Wall x5 |
| 26:15 | Gilbert builds a Blacksmith · first_building Monastery |
| 26:23 | fidelon33 · first_building Castle |
| 29:02 | Gilbert builds a Blacksmith · first_building Castle |
| 31:56 | Gilbert builds a Blacksmith · wall_segment Palisade Wall x4 |
| 33:08 | fidelon33 · first_building Monastery |
| 37:21 | Gilbert builds a Blacksmith · first_market_buy 100 stone |
| 40:24 | Gilbert builds a Blacksmith · first_building Siege Workshop |
| 40:45 | fidelon33 · first_building Siege Workshop |
| 41:52 | Gilbert builds a Blacksmith · first_market_sell 100 food |
| 44:24 | fidelon33 · first_building Archery Range |
| 48:51 | fidelon33 · resign |
[ AI ANALYSIS · 1 CREDIT ]
What really happened in this match?
Wolo.gg analyzes every decision: build order, eco, micro, common mistakes by bracket. Personalized analysis on WhatsApp or Discord in 30 seconds.
Civ guide
Turks
Perfil
Jugador #13707220